 Dungeon Crawl Stone Soup version 0.29.1-15-g9cfb28693d (webtiles) character file.

Game seed: 6665361432615935157

28 archetypered the Trooper (level 2, -6/25 HPs)
             Began as a Demonspawn Abyssal Knight on Feb 22, 2023.
             Was a Believer of Lugonu.
             Mangled by an orc
             ... wielding a +0 flail
              (8 damage)
             ... on level 3 of the Dungeon.
             The game lasted 00:12:50 (2479 turns).

archetypered the Trooper (DsAK)                     Turns: 2479, Time: 00:12:51

Health: -6/25      AC:  3    Str: 13    XL:     2   Next: 96%
Magic:  3/3        EV: 11    Int: 11    God:    Lugonu [**....]
Gold:   62         SH:  0    Dex: 13    Spells: 1/1 levels left

rFire   . . .      SeeInvis .   a - +1 falchion
rCold   . . .      Faith    .   (no shield)
rNeg    . . .      Spirit   .   b - +0 leather armour
rPois   .          Reflect  .   (no helmet)
rElec   .          Harm     .   (no cloak)
rCorr   .          Rampage  .   (no gloves)
Will    .....                   (no boots)
Stlth   +.........              (no amulet)
HPRegen 0.08/turn               (no ring)
MPRegen 0.08/turn               (no ring)

@: about to teleport
A: powered by pain 1
a: Renounce Religion, Depart the Abyss, Bend Space


You were on level 3 of the Dungeon.
You worshipped Lugonu.
Lugonu was pleased with you.
You visited 1 branch of the dungeon, and saw 4 of its levels.
You visited the Abyss 1 time.

You collected 62 gold pieces.

Inventory:

Hand Weapons
 a - a +1 falchion (weapon)
 h - a +1 dagger of electrocution
 k - a +3 falchion
Armour
 b - a +0 leather armour (worn)
 l - a +0 chain mail
Scrolls
 d - a scroll of teleportation
 e - 2 scrolls of identify
 f - a scroll of amnesia {unknown}
 i - a scroll of noise {unknown}
 j - a scroll of fog {unknown}
Potions
 c - a potion of haste
 g - a potion of lignification {unknown}


   Skills:
 + Level 3.8 Fighting
 + Level 2.0 Long Blades
 + Level 2.0 Armour
 + Level 1.0 Dodging
 + Level 2.4 Invocations


You had one spell level left.
You didn't know any spells.
Your spell library contained the following spells:

 Spells                   Type           Power      Damage    Failure   Level
 Dazzling Flash           Conj/Hex       0%         N/A       80%         3
 Summon Guardian Golem    Hex/Summ       0%         N/A       80%         3
 Iskenderun's Mystic Bla  Conj/Tloc      0%         2d3       99%         4
 Starburst                Conj/Fire      0%         6d3       100%        6
 Orb of Destruction       Conj           0%         9d5       100%        7
 Spellforged Servitor     Conj/Summ      0%         N/A       100%        7


Dungeon Overview and Level Annotations

Branches:
Dungeon (4/15)
 Temple: D:4-7

Altars:


Innate Abilities, Weirdness & Mutations

You sometimes gain a little power by taking damage.


Message History

Found a scroll labelled TAOGUADIMY.
A sourceless malevolence fills the Dungeon...
You fall into a shaft and drop 2 floors!
The shaft crumbles and collapses.
You hear the hiss of flowing sand.
There is an entrance to an ossuary on this level.
Hurry and find it before the portal is buried!
Found 2 brown potions, 19 gold pieces and a short sword.
Found a stone staircase leading down and a stone staircase leading up.
A black bear comes into view.
The black bear growls angrily.
An ogre comes into view. It is wielding a +0 giant club.
You see here a brown potion.
There is a stone staircase leading up here.
There are monsters nearby!
Found an escape hatch in the ceiling.
The black bear bites you. The black bear claws you. x2
There is an escape hatch in the ceiling, spattered with blood here.
The black bear bites you but does no damage.
The black bear misses you. The black bear barely misses you.
A mysterious force pulls you upwards. The hatch slams shut behind you.
Found 15 gold pieces.
Found a stone staircase leading down.
An orc and a kobold come into view.
The orc shouts!
The kobold shouts!
You hear an angry hiss.
The black bear bites you. The black bear misses you. x2
You hit the black bear but do no damage.
The black bear bites you but does no damage.
The black bear claws you.
The black bear claws you but does no damage.
You hit the black bear but do no damage.
The black bear bites you.
* * * LOW HITPOINT WARNING * * *
The black bear barely misses you. x2
The kobold hits you with a +0 short sword.
* * * LOW HITPOINT WARNING * * *
As you read the scroll of teleportation, it crumbles to dust.
You feel strangely unstable. The black bear barely misses you. x2
The black bear claws you.
* * * LOW HITPOINT WARNING * * *
The kobold hits you but does no damage. The orc hits you with a +0 flail!
You die...

.# .. ###.
#.. #
##.##.#
#.####$..#.#
...........#
.>####oh.###
##@## #K#
#.# #.# #.#
..# ###


You could see a black bear, an orc and a kobold.

Vanquished Creatures
  2 endoplasms
  2 giant cockroaches (D:1)
  A goblin (D:1)
  3 hobgoblins
  2 jackals (D:2)
  5 kobolds
  A quokka (D:2)
  3 ball pythons (D:1)
  2 bats
  A frilled lizard (D:1)
  3 rats
25 creatures vanquished.

Notes
Turn   | Place    | Note
-------+----------+-------------------------------------------
     0 | Abyss:1  | archetypered the Demonspawn Abyssal Knight began the quest
                  | for the Orb.
     0 | Abyss:1  | Reached XP level 1. HP: 18/18 MP: 2/2
     7 | D:1      | Escaped the Abyss
   606 | D:1      | Gained mutation: You sometimes gain a little power by
                  | taking damage. [demonic ancestry]
   606 | D:1      | Reached XP level 2. HP: 11/24 MP: 3/3
  2251 | D:2      | Reached skill level 1 in Dodging
  2453 | D:2      | You fall into a shaft and drop 2 floors!
  2455 | D:4      | Noticed a black bear
  2456 | D:4      | Noticed an ogre
  2479 | D:3      | Mangled by an orc

Illustrated notes

Levels and vault maps discovered:
D:1:      wheals_arrival_shading, layout_basic
D:2:      minmay_razor_zed, layout_basic,
          shapermc_ecumenical_altar_mp_ritualfount
D:3:      minmay_chambers_of_threes, layout_loops_ring
D:4:      layout_basic, nicolae_ossuary_entry_catacombs

Skill      XL: |  1  2 |
---------------+-------+-----
Long Blades    | 2 |  2.0
Armour         | 2 |  2.0
Dodging        | 1 |  1.0
Fighting       | |  3.8
Invocations    | |  2.4

Action                   || total
-------------------------++-------
Melee: Falchion          ||    54
       Punch             ||     1
  Use: Scroll            ||     3
Armor: Leather armour    ||    24
Dodge: Dodged            ||    68
